 Dungeon Crawl Stone Soup version 0.30.1-9-gdf580d7c3d (webtiles) character file.

Game seed: 8410485302107636679

1903 KittyFluff the Covered (level 9, -5/82 HPs)
             Began as a Gargoyle Berserker on Oct 6, 2023.
             Was an Elder of Trog.
             Slain by an ogre
             ... wielding a +0 giant spiked club
              (21 damage)
             ... on level 6 of the Dungeon.
             The game lasted 00:26:50 (6516 turns).

KittyFluff the Covered (Gargoyle Berserker)         Turns: 6516, Time: 00:26:51

Health: -5/82      AC: 18    Str: 21    XL:     9   Next: 15%
Magic:  9/9        EV: 11    Int:  8    God:    Trog [****..]
Gold:   120        SH:  9    Dex: 13    Spells: 8/8 levels left

rFire   . . .        a - +0 mace
rCold   . . .        w - +1 kite shield {AC+3}
rNeg    + + .        h - +2 leather armour {rPois}
rPois   ∞            (no helmet)
rElec   +            (no cloak)
rCorr   .            y - +2 pair of gloves
SInv    .            (no boots)
Will    +....        (no amulet) Stlth
                     l - ring of positive energy
HPRegen 0.33/turn    B - ring of willpower
MPRegen 0.11/turn

%: no passive effects
@: berserking, very quick
A: sickness immunity, AC +6, negative energy resistance 1, electricity
resistance, torment resistance 1, petrification resistance
a: Renounce Religion, Berserk, Trog's Hand, Brothers in Arms


You were on level 6 of the Dungeon.
You worshipped Trog.
Trog was greatly pleased with you.
You visited 1 branch of the dungeon, and saw 6 of its levels.

You collected 322 gold pieces.
You spent 202 gold pieces at shops.

Inventory:

Hand Weapons
 a - a +0 mace (weapon)
 e - a +0 sling
Missiles
 t - 10 poisoned darts
 v - 5 silver javelins
 z - 3 boomerangs of dispersal
Armour
 h - a +2 leather armour of poison resistance (worn)
 w - a +1 kite shield of protection (worn)
 y - a +2 pair of gloves (worn)
Jewellery
 l - a ring of positive energy (left hand)
 B - a ring of willpower (right hand)
Wands
 u - a wand of flame (21)
 x - a wand of digging (4)
 A - a wand of acid (9)
Scrolls
 d - a scroll of torment {unknown}
 g - a scroll of noise {unknown}
 i - 2 scrolls of vulnerability {unknown}
 j - 3 scrolls of poison {unknown}
 o - 4 scrolls of immolation {unknown}
 q - 3 scrolls of fog {unknown}
 r - a scroll of enchant armour {unknown}
 C - a scroll of teleportation {unknown}
 D - a scroll of identify
Potions
 b - 2 potions of mutation
 c - 4 potions of might
 f - 6 potions of curing
 k - a potion of heal wounds {unknown}
 m - a potion of attraction {unknown}
 n - a potion of degeneration {unknown}
 p - a potion of magic {unknown}
 s - 3 potions of ambrosia {unknown}


   Skills:
 + Level 5.9 Fighting
 * Level 7.0 Maces & Flails
 * Level 7.3 Armour
 + Level 4.1 Dodging
 + Level 3.3 Shields


You had 8 spell levels left.
You didn't know any spells.
Your spell library was empty.

Dungeon Overview and Level Annotations

Branches:
Dungeon (6/15)             Temple (0/1) D:5

Altars:
Elyvilon
Gozag
Ru

Shops:
D:1 :   D:2 [=(   D:5 [

Annotations:
D:6 Menkaure


Innate Abilities, Weirdness & Mutations

You are immune to sickness and miasma.
Your stone body is resilient. (AC +6)
You are immune to poison.
You resist negative energy. (rN+)
You are resistant to electric shocks. (rElec)
You are resistant to unholy torment.
You are immune to petrification.


Message History

The phantom hits you but does no damage.
You hit the phantom but do no damage.
The phantom is severely damaged.
Menkaure gestures at you while chanting.
You easily resist.
You block the phantom's attack.
Menkaure calls on the powers of darkness!
The ogre convulses!
Your body is wracked with pain!
You sock the phantom!
The phantom is almost destroyed.
The ogre misses you.
Menkaure's bandages flutter.
Menkaure closely misses you.
The phantom hits you but does no damage.
You barely miss the phantom.
The phantom is almost destroyed.
You block Menkaure's attack. The ogre closely misses you.
The phantom hits you but does no damage.
Menkaure hits you.
You closely miss the phantom.
The phantom is almost destroyed.
You block the phantom's attack. You block Menkaure's attack.
The ogre barely misses you.
You barely miss the phantom.
The phantom is almost destroyed.
Menkaure hits you but does no damage. The phantom closely misses you.
You hit the phantom but do no damage.
The phantom is almost destroyed.
Menkaure points at you and mumbles some strange words.
You easily resist.
The ogre barely misses you. The phantom barely misses you.
You block Menkaure's attack. You block the phantom's attack.
You closely miss the phantom.
The phantom is almost destroyed.
The ogre hits you with a +0 giant spiked club!
Menkaure hits you!
* * * LOW HITPOINT WARNING * * *
You block the phantom's attack.
A red film seems to cover your vision as you go berserk!
You feel yourself moving faster!
You feel mighty! You block Menkaure's attack.
The ogre hits you with a +0 giant spiked club!!
You die...

.##.#.#
#.##.####.#.## #.#
....#.####.##.#
##.#.## ##<#
...........####
##.#.## #...
.####.######
##.#.## #... .# #.#
##.#.## #...
.####.# ### ##.#.##
#..# ......# ##.##
##.#.###..# .######
##W#.## ##.#)##..#
.# ##.#@#.#
##.#.##.# .##
##.#.OM#.# ##.#.###
... #.#†##(:?$#
##.#.## .##
##.#.##.#...#
##.#.### .#
##.#.##.#.#.##.#.##
. ...##
##.#.##.#.##.#.## #
# ....
##.#.##.##.#.## #
######...
##.#.###.#.## #
.........
##.#.#.#.## #


You could see an ogre, a phantom and Menkaure (fast).

Vanquished Creatures
  Pikel (D:5)
  Grinder (D:3)
  2 black bears (D:5)
  An ogre (D:6)
  A centaur (D:5)
  3 lemures
  A phantom (D:6)
  2 bullfrogs (D:6)
  2 scorpions (D:5)
  2 vampire bats (D:3)
  A jelly (D:6)
  A gnoll bouda (D:6)
  3 hounds
  2 orc wizards (D:5)
  An iguana (D:4)
  4 gnolls (D:6)
  8 adders
  A shadow imp (D:5)
  3 white imps
  3 ufetubi
  4 worms
  4 dart slugs
  10 orcs
  9 endoplasms
  2 giant cockroaches
  9 goblins
  6 hobgoblins
  10 jackals
  8 kobolds
  4 quokkas
  6 ball pythons
  11 bats
  4 frilled lizards
  5 rats
135 creatures vanquished.

Notes
Turn   | Place    | Note
-------+----------+-------------------------------------------
     0 | D:1      | KittyFluff the Gargoyle Berserker began the quest for the
                  | Orb.
     0 | D:1      | Reached XP level 1. HP: 14/14 MP: 1/1
   143 | D:1      | Reached XP level 2. HP: 15/19 MP: 2/2
   380 | D:1      | Found Talalulu's Book Shop.
   913 | D:1      | Reached XP level 3. HP: 22/23 MP: 3/3
  1472 | D:2      | Reached ** piety under Trog
  1612 | D:2      | Found Noik's Jewellery Boutique.
  1670 | D:2      | Found Fiegof's Antique Armour Boutique.
  1696 | D:2      | Reached XP level 4. HP: 27/29 MP: 4/4
  1880 | D:2      | Found Eluhi's Weapon Shoppe.
  2248 | D:3      | Noticed Grinder
  2272 | D:3      | Paralysed by Grinder for 3 turns
  2286 | D:3      | Killed Grinder
  2287 | D:3      | Reached XP level 5. HP: 23/33 MP: 5/5
  2287 | D:3      | Reached XP level 6. HP: 27/38 MP: 6/6
  3130 | D:4      | Reached *** piety under Trog
  3369 | D:4      | Found a sacrificial altar of Ru.
  3549 | D:4      | Reached skill level 5 in Maces & Flails
  3607 | D:4      | Reached XP level 7. HP: 41/44 MP: 7/7
  3628 | D:4      | Reached skill level 5 in Armour
  4128 | D:2      | Bought a runed kite shield for 202 gold pieces
  4218 | D:5      | Entered Level 5 of the Dungeon
  4555 | D:5      | Found a staircase to the Ecumenical Temple.
  4651 | D:5      | Reached skill level 1 in Shields
  5001 | D:5      | Reached XP level 8. HP: 33/48 MP: 8/8
  5111 | D:5      | Reached skill level 5 in Fighting
  5175 | D:5      | Noticed Pikel
  5187 | D:5      | Paralysed by Pikel for 4 turns
  5215 | D:5      | Killed Pikel
  5303 | D:5      | Found Kux Ized's Armour Shoppe.
  5578 | D:5      | Found an opulent altar of Gozag.
  5860 | D:6      | Reached **** piety under Trog
  6099 | D:6      | Reached XP level 9. HP: 46/55 MP: 9/9
  6185 | D:6      | Found a white marble altar of Elyvilon.
  6503 | D:6      | Noticed Menkaure
  6516 | D:6      | Slain by an ogre

Illustrated notes

Levels and vault maps discovered:
D:1:      erik_arrival_cave_to_civilisation [erik_arrival_cave_to_hall],
          layout_loops_ring, serial_shops, shop, chequers_serial_rivers_micro_d
D:2:      layout_basic, serial_shops, nicolae_shop_bloodbath_and_beyond,
          nicolae_shop_hallway_stairs, shop
D:3:      layout_basic, roderic_batcave, serial_bayou_pond_a, uniq_grinder
D:4:      layout_loops_corners, kennysheep_little_box
D:5:      layout_cave_pods, nicolae_gozag_cash_rules_everything_around_me,
          minmay_temple_entry_mist, serial_shops, nicolae_inconvenience_store,
          nrook_uturn, uniq_pikel
D:6:      minmay_inner_zag, layout_loops_ring, elyvilon_altar_5, uniq_menkaure

Skill      XL: |  1  2  3  4  5  6  7  8  9 |
---------------+----------------------------+-----
Armour         | 3 4 5 7 |  7.3
Dodging        | 2 3 4 |  4.1
Fighting       | 4 5 |  5.9
Maces & Flails | 4 5 6 7 |  7.0
Shields        | 1 3 |  3.3

Action                     |  1- 3 |  4- 6 |  7- 9 || total
---------------------------+-------+-------+-------++-------
  Melee: Mace              |   143 |   183 |   389 ||   715
   Fire: Sling             |       |     7 |     3 ||    10
 Invoke: Berserk           |       |       |     2 ||     2
    Use: Scroll            |       |     3 |       ||     3
   Stab: Sleeping          |     1 |       |       ||     1
 Armour: Animal skin       |    26 |       |       ||    26
         Leather armour    |    35 |    94 |   251 ||   380
  Dodge: Dodged            |   103 |   136 |   216 ||   455
  Block: Kite shield       |       |       |   237 ||   237
